| TOP OF THE 1ST |
|
Fresno Grizzlies batting - Pitching for Norfolk Tides : RHP Jun-seok Pak
|
|
Pitching: RHP Jun-seok Pak
|
|
|
Batting: RHB Chris Trites
|
0-0: Ball 1-0: Foul Ball, location: 2F 1-1: Fly out, F7 (Flyball, 78S, EV 83.8 MPH)
|
|
Batting: LHB Chris Cabrera
|
0-0: Called Strike 0-1: Ball 1-1: Foul Ball, location: 2F 1-2: Ground out 6-3 (Groundball, 6, EV 88.8 MPH)
|
|
Batting: LHB Bob Govella
|
0-0: Ball 1-0: Ball 2-0: Ball 3-0: Base on Balls
|
|
Batting: RHB Bruce Bermudez
|
0-0: Called Strike Bob Govella is caught stealing 2nd base 2-4
|
| Top of the 1st over - 0 runs, 0 hits, 0 errors, 0 left on base; Fresno 0 - Norfolk 0 |
| BOTTOM OF THE 1ST |
|
Norfolk Tides batting - Pitching for Fresno Grizzlies : RHP Andy Harrigan
|
|
Pitching: RHP Andy Harrigan
|
|
|
Batting: RHB Joe Young
|
0-0: Ball 1-0: Foul Ball, location: 2F 1-1: Bunted foul 1-2: Ball 2-2: Ball 3-2: Base on Balls
|
|
Batting: RHB Wes Reynolds
|
0-0: Called Strike 0-1: Called Strike 0-2: Grounds into double play, 5-4-3 (Groundball, 56, EV 87.5 MPH)
|
|
Batting: LHB Wes Goscinski
|
0-0: Ball 1-0: Ball 2-0: Foul Ball, location: 2F 2-1: Swinging Strike 2-2: Strikes out swinging
|
| Bottom of the 1st over - 0 runs, 0 hits, 0 errors, 0 left on base; Fresno 0 - Norfolk 0 |
| TOP OF THE 2ND |
|
Fresno Grizzlies batting - Pitching for Norfolk Tides : RHP Jun-seok Pak
|
|
Batting: RHB Bruce Bermudez
|
0-0: Ball 1-0: Ball 2-0: Ball 3-0: TRIPLE (Flyball, 89XD, EV 110.6 MPH)
|
|
Batting: RHB Etsuro Hosokawa
|
0-0: Fly out, F5 (Popup, 15, EV 77.5 MPH)
|
|
Batting: RHB Sam Spohn
|
0-0: Called Strike 0-1: Foul Ball, location: 2F 0-2: SINGLE (Line Drive, 8LS, EV 110.0 MPH) Bruce Bermudez scores
|
|
Batting: RHB Nick Deegan
|
0-0: Ball 1-0: Ball 2-0: Called Strike 2-1: Ground out 5-3 (Groundball, 56S, EV 66.9 MPH) Sam Spohn to second
|
|
Batting: SHB Ryan Chicoine
|
0-0: Foul Ball, location: 2F 0-1: Ground out 5-3 (Groundball, 5, EV 80.0 MPH)
|
| Top of the 2nd over - 1 run, 2 hits, 0 errors, 1 left on base; Fresno 1 - Norfolk 0 |
| BOTTOM OF THE 2ND |
|
Norfolk Tides batting - Pitching for Fresno Grizzlies : RHP Andy Harrigan
|
|
Batting: LHB Justin Moore
|
0-0: Called Strike 0-1: DOUBLE (Line Drive, 7LM, EV 105.6 MPH)
|
|
Batting: RHB Daniel Jackson
|
0-0: Called Strike 0-1: Swinging Strike 0-2: SINGLE (Groundball, 4D, EV 105.0 MPH) Justin Moore to third
|
|
Batting: RHB Luke Vaccarino
|
0-0: Ball 1-0: Foul Ball, location: 2F 1-1: Fly out, F9 (Flyball, 9LD, EV 109.4 MPH) Runner from 3rd tags up, SCORES, no throw by RF
|
|
Batting: RHB John Gray
|
0-0: Called Strike 0-1: Foul Ball, location: 2F 0-2: Ball 1-2: Ball 2-2: Fly out, F4 (Line Drive, 4, EV 68.8 MPH)
|
|
Batting: LHB Keith Long
|
0-0: Called Strike 0-1: Ball 1-1: Ball 2-1: Called Strike 2-2: Ball 3-2: Strikes out looking
|
| Bottom of the 2nd over - 1 run, 2 hits, 0 errors, 1 left on base; Fresno 1 - Norfolk 1 |
| TOP OF THE 3RD |
|
Fresno Grizzlies batting - Pitching for Norfolk Tides : RHP Jun-seok Pak
|
|
Batting: RHB Pat McCoy
|
0-0: SINGLE (Groundball, 6D, EV 108.1 MPH)
|
|
Batting: RHB Chris Trites
|
0-0: Called Strike 0-1: Called Strike 0-2: Ball 1-2: Ball 2-2: Foul Ball, location: 2F 2-2: Ball 3-2: Foul Ball, location: 2F 3-2: Foul Ball, location: 2F 3-2: Strikes out swinging
|
|
Batting: LHB Chris Cabrera
|
0-0: Ball 1-0: Grounds into double play, 6-4-3 (Groundball, 6, EV 88.8 MPH)
|
| Top of the 3rd over - 0 runs, 1 hit, 0 errors, 0 left on base; Fresno 1 - Norfolk 1 |
| BOTTOM OF THE 3RD |
|
Norfolk Tides batting - Pitching for Fresno Grizzlies : RHP Andy Harrigan
|
|
Batting: RHB Antonio Gamez
|
0-0: Ball 1-0: Ball 2-0: Called Strike 2-1: Foul Ball, location: 2F 2-2: Foul Ball, location: 2F 2-2: Foul Ball, location: 2F 2-2: Foul Ball, location: 2F 2-2: Strikes out swinging
|
|
Batting: RHB Joe Young
|
0-0: Ball 1-0: Swinging Strike 1-1: Swinging Strike 1-2: Foul Ball, location: 2F 1-2: Strikes out swinging
|
|
Batting: RHB Wes Reynolds
|
0-0: Ball 1-0: Ground out 6-3 (Groundball, 6, EV 104.4 MPH)
|
| Bottom of the 3rd over - 0 runs, 0 hits, 0 errors, 0 left on base; Fresno 1 - Norfolk 1 |
| TOP OF THE 4TH |
|
Fresno Grizzlies batting - Pitching for Norfolk Tides : RHP Jun-seok Pak
|
|
Batting: LHB Bob Govella
|
0-0: Called Strike 0-1: Ball 1-1: SOLO HOME RUN (Flyball, 9D, EV 98.1 MPH), Distance : 389 ft
|
|
Batting: RHB Bruce Bermudez
|
0-0: Called Strike 0-1: Ball 1-1: Ball 2-1: Ball 3-1: Foul Ball, location: 2F 3-2: Strikes out swinging
|
|
Batting: RHB Etsuro Hosokawa
|
0-0: Ball 1-0: Called Strike 1-1: Ball 2-1: Swinging Strike 2-2: Foul Ball, location: 2F 2-2: Ball 3-2: Base on Balls
|
|
Batting: RHB Sam Spohn
|
0-0: Ball 1-0: Called Strike Etsuro Hosokawa steals 2nd base 1-1: Swinging Strike 1-2: Strikes out looking
|
|
Batting: RHB Nick Deegan
|
0-0: Ball 1-0: Ground out 6-3 (Groundball, 6, EV 90.6 MPH)
|
| Top of the 4th over - 1 run, 1 hit, 0 errors, 1 left on base; Fresno 2 - Norfolk 1 |
| BOTTOM OF THE 4TH |
|
Norfolk Tides batting - Pitching for Fresno Grizzlies : RHP Andy Harrigan
|
|
Batting: LHB Wes Goscinski
|
0-0: Ball 1-0: Ball 2-0: Called Strike 2-1: Swinging Strike 2-2: Foul Ball, location: 2F 2-2: Ball 3-2: Strikes out looking
|
|
Batting: LHB Justin Moore
|
0-0: Called Strike 0-1: Ball 1-1: Foul Ball, location: 2F 1-2: Foul Ball, location: 2F 1-2: Ball 2-2: Strikes out swinging
|
|
Batting: RHB Daniel Jackson
|
0-0: Ball 1-0: Foul Ball, location: 2F 1-1: Ball 2-1: Foul Ball, location: 2F 2-2: Ball 3-2: Foul Ball, location: 2F 3-2: Foul Ball, location: 2F 3-2: Foul Ball, location: 2F 3-2: Strikes out swinging
|
| Bottom of the 4th over - 0 runs, 0 hits, 0 errors, 0 left on base; Fresno 2 - Norfolk 1 |
| TOP OF THE 5TH |
|
Fresno Grizzlies batting - Pitching for Norfolk Tides : RHP Jun-seok Pak
|
|
Batting: SHB Ryan Chicoine
|
0-0: Called Strike 0-1: Ball 1-1: Swinging Strike 1-2: Strikes out looking
|
|
Batting: RHB Pat McCoy
|
0-0: Called Strike 0-1: Ball 1-1: Ground out 5-3 (Groundball, 15, EV 80.6 MPH)
|
|
Batting: RHB Chris Trites
|
0-0: Called Strike 0-1: Ball 1-1: Ball 2-1: Ball 3-1: Swinging Strike 3-2: Strikes out swinging
|
| Top of the 5th over - 0 runs, 0 hits, 0 errors, 0 left on base; Fresno 2 - Norfolk 1 |
| BOTTOM OF THE 5TH |
|
Norfolk Tides batting - Pitching for Fresno Grizzlies : RHP Andy Harrigan
|
|
Batting: RHB Luke Vaccarino
|
0-0: Swinging Strike 0-1: Called Strike 0-2: Ball 1-2: Ball 2-2: Strikes out looking
|
|
Batting: RHB John Gray
|
0-0: Ball 1-0: Ball 2-0: Ball 3-0: Base on Balls
|
|
Batting: LHB Keith Long
|
0-0: Ball 1-0: Grounds into double play, 4-6-3 (Groundball, 4, EV 83.8 MPH)
|
| Bottom of the 5th over - 0 runs, 0 hits, 0 errors, 0 left on base; Fresno 2 - Norfolk 1 |
| TOP OF THE 6TH |
|
Fresno Grizzlies batting - Pitching for Norfolk Tides : RHP Jun-seok Pak
|
|
Batting: LHB Chris Cabrera
|
0-0: Fly out, F7 (Flyball, 7, EV 90.6 MPH)
|
|
Batting: LHB Bob Govella
|
0-0: Foul Ball, location: 2F 0-1: Fly out, F8 (Flyball, 8LM, EV 91.2 MPH)
|
|
Batting: RHB Bruce Bermudez
|
0-0: Ball 1-0: SINGLE (Groundball, 56S, EV 65.0 MPH) (infield hit)
|
|
Batting: RHB Etsuro Hosokawa
|
0-0: Called Strike Bruce Bermudez is caught stealing 2nd base 2-4
|
| Top of the 6th over - 0 runs, 1 hit, 0 errors, 0 left on base; Fresno 2 - Norfolk 1 |
| BOTTOM OF THE 6TH |
|
Norfolk Tides batting - Pitching for Fresno Grizzlies : RHP Andy Harrigan
|
|
Batting: RHB Antonio Gamez
|
0-0: Ball 1-0: Called Strike 1-1: Foul Ball, location: 2F 1-2: Strikes out swinging
|
|
Batting: RHB Joe Young
|
0-0: Called Strike 0-1: Ball 1-1: Ball 2-1: Foul Ball, location: 2F 2-2: Ground out 4-3 (Groundball, 4S, EV 70.6 MPH)
|
|
Batting: RHB Wes Reynolds
|
0-0: Ground out 6-3 (Groundball, 56, EV 80.6 MPH)
|
| Bottom of the 6th over - 0 runs, 0 hits, 0 errors, 0 left on base; Fresno 2 - Norfolk 1 |
| TOP OF THE 7TH |
|
Fresno Grizzlies batting - Pitching for Norfolk Tides : RHP Jun-seok Pak
|
|
Batting: RHB Etsuro Hosokawa
|
0-0: Called Strike 0-1: Hit by Pitch
|
|
Batting: RHB Sam Spohn
|
0-0: Bunted foul 0-1: Called Strike 0-2: Grounds into double play, 6-4-3 (Groundball, 6, EV 85.0 MPH)
|
|
Batting: RHB Nick Deegan
|
0-0: Ball 1-0: Ball 2-0: Called Strike 2-1: Ball 3-1: Base on Balls
|
|
Batting: SHB Ryan Chicoine
|
0-0: Called Strike 0-1: Ball 1-1: Foul Ball, location: 2F 1-2: Foul Ball, location: 2F 1-2: Foul Ball, location: 2F 1-2: Ball 2-2: Ball 3-2: SINGLE (Groundball, 4MD, EV 99.4 MPH) Nick Deegan to second Nick Deegan to third
|
|
Pitching: RHP Ryan Hemmerich
|
|
|
Batting: RHB Pat McCoy
|
0-0: Called Strike 0-1: Swinging Strike 0-2: Strikes out swinging
|
| Top of the 7th over - 0 runs, 1 hit, 0 errors, 2 left on base; Fresno 2 - Norfolk 1 |
| BOTTOM OF THE 7TH |
|
Norfolk Tides batting - Pitching for Fresno Grizzlies : RHP Andy Harrigan
|
|
Batting: LHB Wes Goscinski
|
0-0: Called Strike 0-1: Ball 1-1: Swinging Strike 1-2: Strikes out swinging
|
|
Batting: LHB Justin Moore
|
0-0: Foul Ball, location: 2F 0-1: Swinging Strike 0-2: Fly out, F5 (Flyball, 5D, EV 92.5 MPH)
|
|
Batting: RHB Daniel Jackson
|
0-0: Swinging Strike 0-1: Ball 1-1: Ball 2-1: SINGLE (Flyball, 78S, EV 89.4 MPH)
|
|
Pitching: RHP Jorge Aguilar
|
|
|
Batting: RHB Luke Vaccarino
|
0-0: Fly out, F9 (Line Drive, 9D, EV 101.2 MPH)
|
| Bottom of the 7th over - 0 runs, 1 hit, 0 errors, 1 left on base; Fresno 2 - Norfolk 1 |
| TOP OF THE 8TH |
|
Fresno Grizzlies batting - Pitching for Norfolk Tides : RHP Ryan Hemmerich
|
|
Batting: RHB Chris Trites
|
0-0: Ball 1-0: Ball 2-0: Ball 3-0: Called Strike 3-1: Swinging Strike 3-2: Foul Ball, location: 2F 3-2: Strikes out swinging
|
|
Batting: LHB Chris Cabrera
|
0-0: Ground out 6-3 (Groundball, 6, EV 87.5 MPH)
|
|
Batting: LHB Bob Govella
|
0-0: Foul Ball, location: 2F 0-1: Ball 1-1: Fly out, F8 (Line Drive, 8LD, EV 97.5 MPH)
|
| Top of the 8th over - 0 runs, 0 hits, 0 errors, 0 left on base; Fresno 2 - Norfolk 1 |
| BOTTOM OF THE 8TH |
|
Norfolk Tides batting - Pitching for Fresno Grizzlies : RHP Jorge Aguilar
|
|
Batting: RHB John Gray
|
0-0: Ball 1-0: Ground out 6-3 (Groundball, 56S, EV 91.9 MPH)
|
|
Batting: LHB Keith Long
|
0-0: Called Strike 0-1: Ball 1-1: Foul Ball, location: 2F 1-2: Ball 2-2: Ball 3-2: Base on Balls
|
|
Batting: RHB Antonio Gamez
|
0-0: Ball 1-0: Called Strike 1-1: Ball 2-1: Foul Ball, location: 2F 2-2: Ball 3-2: Foul Ball, location: 2F 3-2: Foul Ball, location: 2F 3-2: Strikes out swinging
|
|
Batting: RHB Joe Young
|
0-0: Called Strike 0-1: Ball 1-1: Called Strike 1-2: Fly out, F7 (Line Drive, 78M, EV 93.1 MPH)
|
| Bottom of the 8th over - 0 runs, 0 hits, 0 errors, 1 left on base; Fresno 2 - Norfolk 1 |
| TOP OF THE 9TH |
|
Fresno Grizzlies batting - Pitching for Norfolk Tides : RHP Ryan Hemmerich
|
|
Pitching: RHP Nick Weirick
|
|
|
Batting: RHB Bruce Bermudez
|
0-0: Swinging Strike 0-1: Ball 1-1: Ball 2-1: Foul Ball, location: 2F 2-2: Ball 3-2: Foul Ball, location: 2F 3-2: Fly out, F5 (Popup, 5F, EV 75.0 MPH)
|
|
Batting: RHB Etsuro Hosokawa
|
0-0: Fly out, F8 (Flyball, 8RD, EV 91.2 MPH)
|
|
Batting: RHB Sam Spohn
|
0-0: Ball 1-0: Foul Ball, location: 2F 1-1: Ball 2-1: Called Strike 2-2: Ball 3-2: Base on Balls
|
|
Batting: RHB Nick Deegan
|
0-0: Ball 1-0: Ball 2-0: Called Strike 2-1: Ball 3-1: Ground out 6-3 (Groundball, 6S, EV 78.8 MPH)
|
| Top of the 9th over - 0 runs, 0 hits, 0 errors, 1 left on base; Fresno 2 - Norfolk 1 |
| BOTTOM OF THE 9TH |
|
Norfolk Tides batting - Pitching for Fresno Grizzlies : RHP Jorge Aguilar
|
|
Pitching: RHP Juan Estrada
|
|
|
Batting: RHB Wes Reynolds
|
0-0: Foul Ball, location: 2F 0-1: Foul Ball, location: 2F 0-2: Ball 1-2: SINGLE (Groundball, 25, EV 66.9 MPH) (infield hit)
|
|
Batting: LHB Wes Goscinski
|
0-0: Grounds into double play, 6-4-3 (Groundball, 6, EV 103.8 MPH)
|
|
Batting: LHB Justin Moore
|
0-0: Swinging Strike 0-1: Swinging Strike 0-2: Ball 1-2: Ball 2-2: Ball 3-2: Strikes out swinging
|
| Bottom of the 9th over - 0 runs, 1 hit, 0 errors, 0 left on base; Fresno 2 - Norfolk 1 |
|